Sabres vs Nordiques

Created - 11 décembre 2020 at 07:28

Goals
1 2 3 T
Sabres 0 2 0 2
Nordiques 1 1 1 3
Shots
1 2 3 T
Sabres 12 9 11 32
Nordiques 10 19 13 42

1st period

1. Nordiques , Kirby Dach 4 (Brandon Dubinsky 4) at 18:51

Penalties :
Joel Farabee (QUE) for Roughing (Minor) at 7:22, Filip Hronek (BUF) for Roughing (Double Minor) at 12:03, Filip Hronek (BUF) for Hooking (Minor) at 19:58

2nd period

2. Sabres , Tyler Ennis 4 (Ryan Carpenter 1, Ryan Murray 1) at 6:35
3. Sabres , Viktor Arvidsson 3 (Filip Hronek 6) at 12:23
4. Nordiques , Joel Farabee 3 (Shayne Gostisbehere 3, Hudson Fasching 2) at 16:47

Penalties :
Joel L'Esperance (QUE) for High sticking (Minor) at 13:29

3rd period

5. Nordiques , Hudson Fasching 3 (Shayne Gostisbehere 4, Joel Farabee 4) at 15:00

Penalties :
Kevin Hayes (BUF) for Tripping (Minor) at 17:56

Goalie Stats

James Reimer (BUF), 39 saves from 42 shots - (0,929), L, 1-2-0, 60:00 minutes
Dan Vladar (QUE), 30 saves from 32 shots - (0,938), W, 6-4-1, 60:00 minutes

Players Stats for Sabres

Player Name              G  A  P  +/- PIM S  H  SB GA TA FO     MP     PP MP  PK MP  
------------------------------------------------------------------------------------
Andre Burakovsky         0  0  0   0  0   2  1  1  0  1  0/0    17:37   2:09   1:52 
Anze Kopitar             0  0  0   0  0   1  0  0  1  0  15/24  17:36   2:09   1:36 
Clayton Keller           0  0  0  -1  0   2  1  0  0  0  0/0    13:14   0:00   0:12 
Filip Hronek             0  1  1  -1  6   1  4  1  1  1  0/0    23:03   2:42   1:17 
Ivan Provorov            0  0  0  -1  0   0  2  2  2  1  0/0    23:58   1:16   3:57 
Joonas Donskoi           0  0  0   1  0   2  1  0  0  0  0/0     9:59   0:00   0:00 
Kailer Yamamoto          0  0  0  -1  0   3  4  1  2  0  0/1    14:52   2:09   0:00 
Kevin Hayes              0  0  0  -1  2   3  1  0  0  0  3/6    13:12   0:00   1:41 
Madison Bowey            0  0  0  -1  0   0  1  2  1  0  0/0    16:05   1:16   1:42 
Marco Scandella          0  0  0  -1  0   0  0  3  0  0  0/0    14:53   0:00   1:28 
Nicklas Backstrom        0  0  0  -1  0   5  2  0  1  0  2/6    14:32   1:49   0:00 
Rasmus Dahlin            0  0  0   1  0   1  5  3  0  1  0/0    21:22   2:42   2:33 
Rickard Rakell           0  0  0   0  0   2  1  0  1  0  2/2    15:21   1:49   0:00 
Ryan Carpenter           0  1  1   1  0   0  1  1  0  0  5/16   14:21   0:00   4:22 
Ryan Murray              0  1  1   1  0   1  1  3  0  1  0/0    20:56   0:00   4:57 
Tyler Ennis              1  0  1   1  0   5  2  0  2  0  0/0    11:56   0:00   1:53 
Viktor Arvidsson         1  0  1  -1  0   2  0  0  0  0  0/0    11:28   0:00   0:00 
Zach Hyman               0  0  0  -1  0   2  4  1  0  0  1/2    17:35   1:49   4:18 

Players Stats for Nordiques

Player Name              G  A  P  +/- PIM S  H  SB GA TA FO     MP     PP MP  PK MP  
------------------------------------------------------------------------------------
Alexander Wennberg       0  0  0   0  0   4  2  0  1  0  0/0    17:37   4:06   1:56 
Brandon Dubinsky         0  1  1   0  0   0  1  1  0  0  8/15   16:51   3:07   1:56 
Brent Seabrook           0  0  0   0  0   4  0  3  0  0  0/0    21:46   3:33   0:00 
Cole Schneider           0  0  0  -1  0   1  1  0  0  0  0/0    12:25   0:00   0:06 
David Backes             0  0  0  -1  0   3  1  0  0  0  1/1    13:06   0:44   0:00 
Hudson Fasching          1  1  2   2  0   2  1  0  0  0  0/1    12:17   0:00   0:00 
Joel Farabee             1  1  2   2  2   5  2  0  0  0  0/0    12:43   0:17   0:06 
Joel L'Esperance         0  0  0   2  2   3  0  0  1  0  3/7    12:38   0:19   0:00 
Justin Abdelkader        0  0  0   0  0   1  0  0  0  1  0/0    16:51   3:07   1:56 
Justin Holl              0  0  0   2  0   0  1  2  0  2  0/0    21:56   4:24   1:57 
Kirby Dach               1  0  1   0  0   6  0  0  2  1  1/3    15:16   3:22   0:00 
Mathieu Perreault        0  0  0  -1  0   2  2  0  0  1  5/11   13:03   0:37   0:00 
Philippe Myers           0  0  0  -1  0   1  1  0  0  0  0/0    16:18   0:00   2:01 
Ryan Lindgren            0  0  0  -1  0   1  1  1  0  1  0/0    16:18   0:00   2:01 
Sebastian Aho            0  0  0   0  0   5  0  0  0  0  10/18  17:37   4:06   1:56 
Shayne Gostisbehere      0  2  2   2  0   1  1  2  1  3  0/0    21:56   4:24   1:57 
Travis Sanheim           0  0  0   0  0   1  0  1  0  2  0/0    21:46   3:33   0:00 
Tyler Johnson            0  0  0   0  0   2  0  2  0  0  1/1    15:36   4:06   0:00 

3 Stars

1 - Hudson Fasching (QUE)
2 - Joel Farabee (QUE)
3 - Shayne Gostisbehere (QUE)

Power Play

Sabres - 0 on 2 Attempt(s) - 0,00%
Nordiques - 0 on 4 Attempt(s) - 0,00%

Penalty Kill

Sabres - 4 on 4 Attempt(s) - 100,00% - Score 0 goal in Penalty Kill
Nordiques - 2 on 2 Attempt(s) - 100,00% - Score 0 goal in Penalty Kill

Team Stat

Sabres - Hits : 31 - Faceoff Wins : 28 - Blocked Shots : 18 - Penalty Minutes : 8
Nordiques - Hits : 14 - Faceoff Wins : 29 - Blocked Shots : 12 - Penalty Minutes : 4

Official

Referees : Adam Bloski and Andrew Wilk
Linesman : Derek Wahl and Ryan Galloway

Game Notes

No Game Note

Finance

Level 1 -- Attendance: 5795 (96,58%) -- Ticket Income 463 600 $
Level 2 -- Attendance: 4539 (90,78%) -- Ticket Income 226 950 $
Level 3 -- Attendance: 1962 (98,10%) -- Ticket Income 49 050 $
Level 4 -- Attendance: 4000 (100,00%) -- Ticket Income 40 000 $
Luxury Box -- Attendance: 987 (98,70%) -- Ticket Income 157 920 $
Game was played at the Colisee.
Total Attendance: 17283 (96,02%)
Total Ticket Income: 937 520 $
Other Income: 459 385 $
Total Income: 1 396 905 $

Sabres

5 vs 5 Forward 
   Center                   Left Wing                Right Wing               Time % Phy DF OF 
 1 Anze Kopitar             Andre Burakovsky         Rickard Rakell           30     0   2  3  
 2 Nicklas Backstrom        Clayton Keller           Kailer Yamamoto          27     0   2  3  
 3 Kevin Hayes              Viktor Arvidsson         Zach Hyman               23     0   2  3  
 4 Ryan Carpenter           Tyler Ennis              Joonas Donskoi           20     0   3  2  

5 vs 5 Defense 
   Defense                  Defense                                           Time % Phy DF OF 
 1 Ivan Provorov            Filip Hronek                                      38     0   3  2  
 2 Rasmus Dahlin            Ryan Murray                                       35     0   3  2  
 3 Madison Bowey            Marco Scandella                                   27     0   3  2  
 4 Ivan Provorov            Rasmus Dahlin                                     0      0   3  2  

PowerPlay Forward 
   Center                   Left Wing                Right Wing               Time % Phy DF OF 
 1 Anze Kopitar             Kailer Yamamoto          Andre Burakovsky         60     0   0  5  
 2 Nicklas Backstrom        Rickard Rakell           Zach Hyman               40     0   0  5  

PowerPlay Defense
   Defense                  Defense                                           Time % Phy DF OF 
 1 Rasmus Dahlin            Filip Hronek                                      59     0   1  4  
 2 Madison Bowey            Ivan Provorov                                     41     0   1  4  

Penalty Kill 4 Players Forward 
   Center                   Wing                     Time % Phy DF OF 
 1 Ryan Carpenter           Zach Hyman               65     0   4  1  
 2 Anze Kopitar             Kevin Hayes              35     1   4  0  

Penalty Kill 4 Players Defense
   Defense                  Defense                  Time % Phy DF OF 
 1 Ryan Murray              Filip Hronek             65     0   5  0  
 2 Ivan Provorov            Marco Scandella          35     0   5  0  

Penalty Kill - 3 Players Forward 
   Forward                                           Time % Phy DF OF 
 1 Ryan Carpenter                                    60     0   5  0  
 2 Kevin Hayes                                       40     0   5  0  

Penalty Kill - 3 Players Defense
   Defense                  Defense                  Time % Phy DF OF 
 1 Filip Hronek             Ryan Murray              60     0   5  0  
 2 Ivan Provorov            Marco Scandella          40     0   5  0  

4 vs 4 Forward 
   Center                   Wing                     Time % Phy DF OF 
 1 Kevin Hayes              Joonas Donskoi           50     1   1  3  
 2 Nicklas Backstrom        Clayton Keller           50     1   1  3  

4 vs 4 Defense
   Defense                  Defense                  Time % Phy DF OF 
 1 Madison Bowey            Filip Hronek             50     1   2  2  
 2 Marco Scandella          Ryan Murray              50     1   2  2  

Last Minutes Offensive
   Center                   Left Wing                Right Wing               Defense                  Defense                  
   Nicklas Backstrom        Clayton Keller           Viktor Arvidsson         Filip Hronek             Ivan Provorov            

Last Minutes Defensive
   Center                   Left Wing                Right Wing               Defense                  Defense                  
   Kevin Hayes              Zach Hyman               Ryan Carpenter           Filip Hronek             Ivan Provorov            

Goaltenders
Starting : James Reimer             
Backup : Elvis Merzlikins         

Extra Forwards
Normal : Joonas Donskoi, Zach Hyman, Rickard Rakell - PP : Tyler Ennis, Joonas Donskoi - PK : Tyler Ennis
Extra Defensemen
Normal : Ryan Murray, Filip Hronek, Ivan Provorov - PP : Ryan Murray - PK : Filip Hronek, Ivan Provorov
Penalty Shots
Rickard Rakell, Rasmus Dahlin, Anze Kopitar, Joonas Donskoi, Nicklas Backstrom
Custom OT Lines Forwards
Kevin Hayes, Nicklas Backstrom, Viktor Arvidsson, Rickard Rakell, Clayton Keller, Zach Hyman, Anze Kopitar, Andre Burakovsky, Tyler Ennis, Ryan Carpenter
Custom OT Lines Defensemen
Ivan Provorov, Filip Hronek, Rasmus Dahlin, Ryan Murray, Marco Scandella

Scratches
Martin Jones (Healthy)

Nordiques

5 vs 5 Forward 
   Center                   Left Wing                Right Wing               Time % Phy DF OF 
 1 Sebastian Aho            Alexander Wennberg       Tyler Johnson            25     1   2  2  
 2 Brandon Dubinsky         Justin Abdelkader        Kirby Dach               25     1   2  2  
 3 Mathieu Perreault        David Backes             Cole Schneider           25     1   2  2  
 4 Joel L'Esperance         Joel Farabee             Hudson Fasching          25     1   2  2  

5 vs 5 Defense 
   Defense                  Defense                                           Time % Phy DF OF 
 1 Brent Seabrook           Travis Sanheim                                    37     1   2  2  
 2 Justin Holl              Shayne Gostisbehere                               33     1   2  2  
 3 Philippe Myers           Ryan Lindgren                                     30     1   2  2  
 4 Brent Seabrook           Travis Sanheim                                    0      1   2  2  

PowerPlay Forward 
   Center                   Left Wing                Right Wing               Time % Phy DF OF 
 1 Sebastian Aho            Alexander Wennberg       Tyler Johnson            50     1   2  2  
 2 Brandon Dubinsky         Justin Abdelkader        Kirby Dach               50     1   2  2  

PowerPlay Defense
   Defense                  Defense                                           Time % Phy DF OF 
 1 Brent Seabrook           Travis Sanheim                                    50     1   2  2  
 2 Justin Holl              Shayne Gostisbehere                               50     1   2  2  

Penalty Kill 4 Players Forward 
   Center                   Wing                     Time % Phy DF OF 
 1 Brandon Dubinsky         Justin Abdelkader        50     1   2  2  
 2 Sebastian Aho            Alexander Wennberg       50     1   2  2  

Penalty Kill 4 Players Defense
   Defense                  Defense                  Time % Phy DF OF 
 1 Philippe Myers           Ryan Lindgren            50     1   2  2  
 2 Justin Holl              Shayne Gostisbehere      50     1   2  2  

Penalty Kill - 3 Players Forward 
   Forward                                           Time % Phy DF OF 
 1 Brandon Dubinsky                                  50     1   2  2  
 2 Sebastian Aho                                     50     1   2  2  

Penalty Kill - 3 Players Defense
   Defense                  Defense                  Time % Phy DF OF 
 1 Philippe Myers           Ryan Lindgren            50     1   2  2  
 2 Justin Holl              Shayne Gostisbehere      50     1   2  2  

4 vs 4 Forward 
   Center                   Wing                     Time % Phy DF OF 
 1 Sebastian Aho            Alexander Wennberg       50     1   2  2  
 2 Tyler Johnson            Brandon Dubinsky         50     1   2  2  

4 vs 4 Defense
   Defense                  Defense                  Time % Phy DF OF 
 1 Brent Seabrook           Travis Sanheim           50     1   2  2  
 2 Justin Holl              Shayne Gostisbehere      50     1   2  2  

Last Minutes Offensive
   Center                   Left Wing                Right Wing               Defense                  Defense                  
   Sebastian Aho            Alexander Wennberg       Tyler Johnson            Brent Seabrook           Travis Sanheim           

Last Minutes Defensive
   Center                   Left Wing                Right Wing               Defense                  Defense                  
   Sebastian Aho            Alexander Wennberg       Tyler Johnson            Brent Seabrook           Travis Sanheim           

Goaltenders
Starting : Dan Vladar               
Backup : Craig Anderson           

Extra Forwards
Normal : Mathieu Perreault, David Backes, Cole Schneider - PP : Mathieu Perreault, David Backes - PK : Cole Schneider
Extra Defensemen
Normal : Philippe Myers, Ryan Lindgren, Justin Holl - PP : Philippe Myers - PK : Ryan Lindgren, Justin Holl
Penalty Shots
Sebastian Aho, Alexander Wennberg, Tyler Johnson, Brandon Dubinsky, Justin Holl
Custom OT Lines Forwards
Sebastian Aho, Alexander Wennberg, Tyler Johnson, Brandon Dubinsky, Justin Holl, Justin Abdelkader, Kirby Dach, Mathieu Perreault, David Backes, Cole Schneider
Custom OT Lines Defensemen
Brent Seabrook, Travis Sanheim, Justin Holl, Shayne Gostisbehere, Philippe Myers

Scratches
None


% Time on Ice - Sabres

Lines # - Real PCT - Wanted PCT - Time Play
Normal Forward
1 - 29% - 30% - 13:55
2 - 26% - 27% - 12:43
3 - 24% - 23% - 11:28
4 - 21% - 20% - 9:59
Normal Defense
1 - 39% - 38% - 18:32
2 - 34% - 35% - 16:30
3 - 27% - 27% - 12:54
4 - 0% - 0% - 0:09
PP Forward
1 - 54% - 60% - 2:09
2 - 46% - 40% - 1:49
PP Defense
1 - 68% - 59% - 2:42
2 - 32% - 41% - 1:16
PK Forward
1 - 86% - 65% - 6:48
2 - 14% - 35% - 1:09
PK Defense
1 - 84% - 65% - 6:39
2 - 16% - 35% - 1:18
PK3 Forward
1 - 0% - 60%
2 - 0% - 40%
PK3 Defense
1 - 0% - 60%
2 - 0% - 40%
44 Forward
1 - 0% - 50%
2 - 0% - 50%
44 Defense
1 - 0% - 50%
2 - 0% - 50%
Last Minute Offensive  - 0:00
Last Minute Defensive  - 0:00
Total
Forward - 60:00
Defense - 60:00

% Time on Ice - Nordiques

Lines # - Real PCT - Wanted PCT - Time Play
Normal Forward
1 - 24% - 25% - 11:33
2 - 25% - 25% - 11:55
3 - 26% - 25% - 12:16
4 - 26% - 25% - 12:17
Normal Defense
1 - 37% - 37% - 17:46
2 - 32% - 33% - 15:35
3 - 29% - 30% - 13:54
4 - 2% - 0% - 0:46
PP Forward
1 - 56% - 50% - 4:25
2 - 44% - 50% - 3:32
PP Defense
1 - 45% - 50% - 3:33
2 - 55% - 50% - 4:24
PK Forward
1 - 51% - 50% - 2:02
2 - 49% - 50% - 1:56
PK Defense
1 - 51% - 50% - 2:01
2 - 49% - 50% - 1:57
PK3 Forward
1 - 0% - 50%
2 - 0% - 50%
PK3 Defense
1 - 0% - 50%
2 - 0% - 50%
44 Forward
1 - 0% - 50%
2 - 0% - 50%
44 Defense
1 - 0% - 50%
2 - 0% - 50%
Last Minute Offensive  - 0:00
Last Minute Defensive  - 0:04
Total
Forward - 60:00
Defense - 60:00

Play-by-Play

1st period


0:01 of 1st period - Sebastian Aho wins face-off versus Anze Kopitar in neutral zone.
0:13 of 1st period - Rickard Rakell is hit by Alexander Wennberg and loses puck.
0:27 of 1st period - Off-side.
0:28 of 1st period - Brandon Dubinsky wins face-off versus Nicklas Backstrom in neutral zone.
0:46 of 1st period - Snap shot by Kailer Yamamoto.
0:46 of 1st period - Shot Misses the Net.
0:48 of 1st period - Wrist shot by Nicklas Backstrom.
0:48 of 1st period - Stopped by Dan Vladar with a rebound.
0:50 of 1st period - Snap shot by Clayton Keller.
0:50 of 1st period - Shot Blocked by Shayne Gostisbehere.
0:52 of 1st period - Slapshot by Madison Bowey.
0:52 of 1st period - Shot Blocked by Brandon Dubinsky.
0:54 of 1st period - Snap shot by Nicklas Backstrom.
0:54 of 1st period - Stopped by Dan Vladar with a rebound.
0:56 of 1st period - Snap shot by Kailer Yamamoto.
0:56 of 1st period - Stopped by Dan Vladar without a rebound.
0:57 of 1st period - Mathieu Perreault wins face-off versus Kevin Hayes in Nordiques zone.
1:24 of 1st period - Ryan Carpenter is hit by Philippe Myers and loses puck.
2:16 of 1st period - Snap shot by Nicklas Backstrom.
2:16 of 1st period - Stopped by Dan Vladar with a rebound.
2:18 of 1st period - Wrist shot by Nicklas Backstrom.
2:18 of 1st period - Stopped by Dan Vladar with a rebound.
3:37 of 1st period - Wrist shot by Kevin Hayes.
3:37 of 1st period - Shot Misses the Net.
3:57 of 1st period - Shayne Gostisbehere is hit by Kailer Yamamoto and loses puck.
4:14 of 1st period - Snap shot by Justin Abdelkader.
4:14 of 1st period - Shot Misses the Net.
4:16 of 1st period - Wrist shot by Justin Abdelkader.
4:16 of 1st period - Shot Blocked by Madison Bowey.
5:16 of 1st period - Snap shot by Joel Farabee.
5:16 of 1st period - Shot Blocked by Kailer Yamamoto.
5:40 of 1st period - Wrist shot by Kirby Dach.
5:40 of 1st period - Stopped by James Reimer without a rebound.
5:41 of 1st period - Sebastian Aho wins face-off versus Ryan Carpenter in Sabres zone.
5:56 of 1st period - Snap shot by Tyler Ennis.
5:56 of 1st period - Stopped by Dan Vladar with a rebound.
6:08 of 1st period - Anze Kopitar is hit by Joel Farabee and loses puck.
6:35 of 1st period - Snap shot by Kevin Hayes.
6:35 of 1st period - Stopped by Dan Vladar with a rebound.
6:53 of 1st period - Snap shot by Nicklas Backstrom.
6:53 of 1st period - Shot Misses the Net.
6:55 of 1st period - Wrist shot by Kailer Yamamoto.
6:55 of 1st period - Deflect By Nicklas Backstrom.
6:55 of 1st period - Stopped by Dan Vladar without a rebound.
6:56 of 1st period - Anze Kopitar wins face-off versus Joel L'Esperance in Nordiques zone.
6:57 of 1st period - Snap shot by Andre Burakovsky.
6:57 of 1st period - Stopped by Dan Vladar with a rebound.
6:59 of 1st period - Slapshot by Filip Hronek.
6:59 of 1st period - Stopped by Dan Vladar without a rebound.
7:00 of 1st period - Joel L'Esperance wins face-off versus Anze Kopitar in Nordiques zone.
7:13 of 1st period - Justin Holl is hit by Rickard Rakell and loses puck.
7:22 of 1st period - Minor Penalty to Joel Farabee for Roughing.
7:23 of 1st period - Anze Kopitar wins face-off versus Brandon Dubinsky in Nordiques zone.
9:06 of 1st period - Rickard Rakell is hit by Ryan Lindgren and loses puck.
9:17 of 1st period - Alexander Wennberg is hit by Filip Hronek and loses puck.
9:22 of 1st period - Penalty to Joel Farabee is over, Joel Farabee is back on ice.
9:34 of 1st period - Backhand shot by David Backes.
9:34 of 1st period - Shot Blocked by Rasmus Dahlin.
9:36 of 1st period - Snap shot by Mathieu Perreault.
9:36 of 1st period - Shot Misses the Net.
10:12 of 1st period - Off-side.
10:13 of 1st period - Nicklas Backstrom wins face-off versus Mathieu Perreault in neutral zone.
10:32 of 1st period - Justin Holl is hit by Rasmus Dahlin.
10:50 of 1st period - Snap shot by Justin Abdelkader.
10:50 of 1st period - Stopped by James Reimer with a rebound.
10:52 of 1st period - Slapshot by Brent Seabrook.
10:52 of 1st period - Stopped by James Reimer without a rebound.
10:53 of 1st period - Sebastian Aho wins face-off versus Kevin Hayes in Sabres zone.
11:06 of 1st period - Wrist shot by Alexander Wennberg.
11:06 of 1st period - Stopped by James Reimer with a rebound.
11:08 of 1st period - Snap shot by Justin Holl.
11:08 of 1st period - Deflect By Alexander Wennberg.
11:08 of 1st period - Stopped by James Reimer with a rebound.
11:20 of 1st period - Snap shot by Cole Schneider.
11:20 of 1st period - Deflect By Mathieu Perreault.
11:20 of 1st period - Shot Misses the Net.
11:20 of 1st period - Puck is out of play.
11:21 of 1st period - Anze Kopitar wins face-off versus Mathieu Perreault in Sabres zone.
11:36 of 1st period - Wrist shot by Anze Kopitar.
11:36 of 1st period - Stopped by Dan Vladar with a rebound.
11:54 of 1st period - Wrist shot by David Backes.
11:54 of 1st period - Stopped by James Reimer with a rebound.
11:56 of 1st period - Snap shot by Cole Schneider.
11:56 of 1st period - Stopped by James Reimer with a rebound.
12:03 of 1st period - Double Minor Penalty to Filip Hronek for Roughing.
12:04 of 1st period - Sebastian Aho wins face-off versus Zach Hyman in Sabres zone.
12:06 of 1st period - Snap shot by Tyler Johnson.
12:06 of 1st period - Deflect By Sebastian Aho.
12:06 of 1st period - Shot Blocked by Ryan Murray.
12:06 of 1st period - Puck is out of play.
12:07 of 1st period - Tyler Johnson wins face-off versus Ryan Carpenter in Sabres zone.
12:34 of 1st period - Slapshot by Justin Abdelkader.
12:34 of 1st period - Shot Blocked by Ryan Murray.
12:36 of 1st period - Snap shot by Kirby Dach.
12:36 of 1st period - Deflect By Justin Abdelkader.
12:36 of 1st period - Shot Misses the Net.
12:36 of 1st period - Puck is out of play.
12:37 of 1st period - Kirby Dach wins face-off versus Ryan Carpenter in Sabres zone.
12:48 of 1st period - Wrist shot by Kirby Dach.
12:48 of 1st period - Stopped by James Reimer without a rebound.
12:49 of 1st period - Ryan Carpenter wins face-off versus Brandon Dubinsky in Sabres zone.
16:03 of 1st period - Penalty to Filip Hronek is over, Filip Hronek is back on ice.
17:07 of 1st period - Mathieu Perreault is hit by Nicklas Backstrom and loses puck.
17:42 of 1st period - Alexander Wennberg is hit by Filip Hronek and loses puck.
17:53 of 1st period - Madison Bowey is hit by Hudson Fasching and loses puck.
17:58 of 1st period - Snap shot by Joel L'Esperance.
17:58 of 1st period - Stopped by James Reimer without a rebound.
17:59 of 1st period - Kevin Hayes wins face-off versus Joel L'Esperance in Sabres zone.
18:23 of 1st period - Joel L'Esperance is hit by Filip Hronek and loses puck.
18:49 of 1st period - Snap shot by Brandon Dubinsky.
18:49 of 1st period - Shot Misses the Net.
18:51 of 1st period - Snap shot by Kirby Dach.
18:51 of 1st period - Goal by Kirby Dach - Sabres : 0 - Nordiques : 1.
18:52 of 1st period - Anze Kopitar wins face-off versus Sebastian Aho in neutral zone.
19:19 of 1st period - Travis Sanheim is hit by Rasmus Dahlin and loses puck.
19:28 of 1st period - Snap shot by Nicklas Backstrom.
19:28 of 1st period - Shot Misses the Net.
19:30 of 1st period - Snap shot by Kailer Yamamoto.
19:30 of 1st period - Stopped by Dan Vladar with a rebound.
19:58 of 1st period - Minor Penalty to Filip Hronek for Hooking.
19:59 of 1st period - Ryan Carpenter wins face-off versus Brandon Dubinsky in Sabres zone.
Goals for this period are 0 for Sabres vs 1 for Nordiques.
Shots for this period are 12 for Sabres vs 10 for Nordiques.

2nd period


0:01 of 2nd period - Brandon Dubinsky wins face-off versus Ryan Carpenter in neutral zone.
0:09 of 2nd period - Wrist shot by Kirby Dach.
0:09 of 2nd period - Stopped by James Reimer with a rebound.
0:57 of 2nd period - Tyler Johnson is hit by Rasmus Dahlin.
1:11 of 2nd period - Madison Bowey is hit by Shayne Gostisbehere and loses puck.
1:58 of 2nd period - Penalty to Filip Hronek is over, Filip Hronek is back on ice.
2:10 of 2nd period - Joel L'Esperance is hit by Madison Bowey and loses puck.
2:17 of 2nd period - Slapshot by Shayne Gostisbehere.
2:17 of 2nd period - Deflect By Madison Bowey.
2:17 of 2nd period - Stopped by James Reimer without a rebound.
2:18 of 2nd period - Mathieu Perreault wins face-off versus Kailer Yamamoto in Sabres zone.
2:21 of 2nd period - Snap shot by David Backes.
2:21 of 2nd period - Stopped by James Reimer without a rebound.
2:22 of 2nd period - Mathieu Perreault wins face-off versus Nicklas Backstrom in Sabres zone.
3:09 of 2nd period - Wrist shot by Justin Abdelkader.
3:09 of 2nd period - Shot Misses the Net.
3:48 of 2nd period - Kevin Hayes is hit by Mathieu Perreault.
4:08 of 2nd period - Snap shot by David Backes.
4:08 of 2nd period - Shot Blocked by Andre Burakovsky.
4:54 of 2nd period - Snap shot by Joel Farabee.
4:54 of 2nd period - Stopped by James Reimer with a rebound.
4:56 of 2nd period - Slapshot by Joel L'Esperance.
4:56 of 2nd period - Stopped by James Reimer with a rebound.
4:58 of 2nd period - Slapshot by Hudson Fasching.
4:58 of 2nd period - Stopped by James Reimer without a rebound.
4:59 of 2nd period - Rickard Rakell wins face-off versus Sebastian Aho in Sabres zone.
5:04 of 2nd period - Slapshot by Filip Hronek.
5:04 of 2nd period - Shot Misses the Net.
5:06 of 2nd period - Snap shot by Anze Kopitar.
5:06 of 2nd period - Shot Blocked by Shayne Gostisbehere.
5:08 of 2nd period - Wrist shot by Anze Kopitar.
5:08 of 2nd period - Shot Misses the Net.
5:10 of 2nd period - Snap shot by Rickard Rakell.
5:10 of 2nd period - Shot Blocked by Tyler Johnson.
5:12 of 2nd period - Snap shot by Anze Kopitar.
5:12 of 2nd period - Shot Misses the Net.
5:14 of 2nd period - Slapshot by Filip Hronek.
5:14 of 2nd period - Shot Blocked by Justin Holl.
5:47 of 2nd period - Icing by Justin Holl.
5:48 of 2nd period - Ryan Carpenter wins face-off versus Mathieu Perreault in Nordiques zone.
6:09 of 2nd period - Wrist shot by Cole Schneider.
6:09 of 2nd period - Shot Misses the Net.
6:15 of 2nd period - Snap shot by Mathieu Perreault.
6:15 of 2nd period - Stopped by James Reimer with a rebound.
6:31 of 2nd period - Wrist shot by Tyler Ennis.
6:31 of 2nd period - Stopped by Dan Vladar with a rebound.
6:33 of 2nd period - Snap shot by Ryan Carpenter.
6:33 of 2nd period - Shot Misses the Net.
6:35 of 2nd period - Snap shot by Tyler Ennis.
6:35 of 2nd period - Goal by Tyler Ennis - Sabres : 1 - Nordiques : 1.
6:36 of 2nd period - Rickard Rakell wins face-off versus Sebastian Aho in neutral zone.
6:51 of 2nd period - Wrist shot by Tyler Johnson.
6:51 of 2nd period - Stopped by James Reimer without a rebound.
6:52 of 2nd period - Brandon Dubinsky wins face-off versus Nicklas Backstrom in Sabres zone.
6:57 of 2nd period - Wrist shot by Kirby Dach.
6:57 of 2nd period - Stopped by James Reimer without a rebound.
6:58 of 2nd period - Brandon Dubinsky wins face-off versus Nicklas Backstrom in Sabres zone.
6:59 of 2nd period - Slapshot by Kirby Dach.
6:59 of 2nd period - Shot Misses the Net.
7:01 of 2nd period - Snap shot by Travis Sanheim.
7:01 of 2nd period - Shot Misses the Net.
7:03 of 2nd period - Slapshot by Justin Abdelkader.
7:03 of 2nd period - Shot Misses the Net.
7:05 of 2nd period - Snap shot by Brandon Dubinsky.
7:05 of 2nd period - Shot Misses the Net.
7:07 of 2nd period - Slapshot by Justin Abdelkader.
7:07 of 2nd period - Shot Blocked by Rasmus Dahlin.
7:09 of 2nd period - Wrist shot by Brandon Dubinsky.
7:09 of 2nd period - Shot Blocked by Rasmus Dahlin.
7:11 of 2nd period - Snap shot by Kirby Dach.
7:11 of 2nd period - Shot Misses the Net.
7:13 of 2nd period - Snap shot by Kirby Dach.
7:13 of 2nd period - Stopped by James Reimer without a rebound.
7:14 of 2nd period - Sebastian Aho wins face-off versus Anze Kopitar in Sabres zone.
7:39 of 2nd period - Kirby Dach is hit by Ivan Provorov and loses puck.
7:56 of 2nd period - Joel L'Esperance is hit by Clayton Keller and loses puck.
8:25 of 2nd period - Snap shot by Mathieu Perreault.
8:25 of 2nd period - Stopped by James Reimer without a rebound.
8:26 of 2nd period - Anze Kopitar wins face-off versus Sebastian Aho in Sabres zone.
8:26 of 2nd period - Anze Kopitar is hit by Alexander Wennberg.
8:34 of 2nd period - Snap shot by Rickard Rakell.
8:34 of 2nd period - Shot Misses the Net.
8:36 of 2nd period - Slapshot by Filip Hronek.
8:36 of 2nd period - Shot Blocked by Travis Sanheim.
8:42 of 2nd period - Wrist shot by Rickard Rakell.
8:42 of 2nd period - Shot Blocked by Brent Seabrook.
8:52 of 2nd period - Travis Sanheim is hit by Zach Hyman and loses puck.
9:52 of 2nd period - Travis Sanheim is hit by Ryan Murray and loses puck.
10:03 of 2nd period - Snap shot by Nicklas Backstrom.
10:03 of 2nd period - Shot Blocked by Brent Seabrook.
10:05 of 2nd period - Slapshot by Nicklas Backstrom.
10:05 of 2nd period - Deflect By Kailer Yamamoto.
10:05 of 2nd period - Shot Misses the Net.
10:05 of 2nd period - Puck is out of play.
10:06 of 2nd period - Anze Kopitar wins face-off versus Sebastian Aho in Nordiques zone.
11:18 of 2nd period - Wrist shot by Justin Abdelkader.
11:18 of 2nd period - Shot Misses the Net.
11:58 of 2nd period - Ryan Lindgren is hit by Joonas Donskoi and loses puck.
12:03 of 2nd period - Snap shot by Tyler Ennis.
12:03 of 2nd period - Deflect By Joonas Donskoi.
12:03 of 2nd period - Stopped by Dan Vladar with a rebound.
12:05 of 2nd period - Wrist shot by Ryan Carpenter.
12:05 of 2nd period - Shot Misses the Net.
12:07 of 2nd period - Snap shot by Ryan Murray.
12:07 of 2nd period - Shot Blocked by Ryan Lindgren.
12:19 of 2nd period - Wrist shot by Viktor Arvidsson.
12:19 of 2nd period - Stopped by Dan Vladar with a rebound.
12:21 of 2nd period - Slapshot by Filip Hronek.
12:21 of 2nd period - Shot Misses the Net.
12:23 of 2nd period - Snap shot by Viktor Arvidsson.
12:23 of 2nd period - Goal by Viktor Arvidsson - Sabres : 2 - Nordiques : 1.
12:24 of 2nd period - Anze Kopitar wins face-off versus Brandon Dubinsky in neutral zone.
12:49 of 2nd period - Shayne Gostisbehere is hit by Zach Hyman and loses puck.
12:54 of 2nd period - Wrist shot by Viktor Arvidsson.
12:54 of 2nd period - Shot Hit the Post.
12:56 of 2nd period - Snap shot by Zach Hyman.
12:56 of 2nd period - Stopped by Dan Vladar with a rebound.
12:58 of 2nd period - Wrist shot by Rasmus Dahlin.
12:58 of 2nd period - Shot Blocked by Tyler Johnson.
13:29 of 2nd period - Minor Penalty to Joel L'Esperance for High sticking.
13:30 of 2nd period - Anze Kopitar wins face-off versus Brandon Dubinsky in Nordiques zone.
14:01 of 2nd period - Justin Holl is hit by Zach Hyman and loses puck.
14:16 of 2nd period - Brandon Dubinsky is hit by Nicklas Backstrom and loses puck.
15:14 of 2nd period - Shayne Gostisbehere is hit by Kailer Yamamoto and loses puck.
15:29 of 2nd period - Penalty to Joel L'Esperance is over, Joel L'Esperance is back on ice.
15:37 of 2nd period - Backhand shot by David Backes.
15:37 of 2nd period - Stopped by James Reimer with a rebound.
15:39 of 2nd period - Slapshot by Brent Seabrook.
15:39 of 2nd period - Stopped by James Reimer with a rebound.
15:41 of 2nd period - Slapshot by Brent Seabrook.
15:41 of 2nd period - Deflect By Ivan Provorov.
15:41 of 2nd period - Stopped by James Reimer without a rebound.
15:42 of 2nd period - Mathieu Perreault wins face-off versus Ryan Carpenter in Sabres zone.
16:10 of 2nd period - Snap shot by Zach Hyman.
16:10 of 2nd period - Stopped by Dan Vladar without a rebound.
16:11 of 2nd period - Kevin Hayes wins face-off versus Joel L'Esperance in Nordiques zone.
16:12 of 2nd period - Snap shot by Viktor Arvidsson.
16:12 of 2nd period - Shot Misses the Net.
16:26 of 2nd period - Joel Farabee is hit by Filip Hronek and loses puck.
16:47 of 2nd period - Wrist shot by Joel Farabee.
16:47 of 2nd period - Goal by Joel Farabee - Sabres : 2 - Nordiques : 2.
16:48 of 2nd period - Sebastian Aho wins face-off versus Anze Kopitar in neutral zone.
16:50 of 2nd period - Off-side.
16:51 of 2nd period - Anze Kopitar wins face-off versus Sebastian Aho in neutral zone.
18:10 of 2nd period - Snap shot by Tyler Ennis.
18:10 of 2nd period - Stopped by Dan Vladar with a rebound.
18:36 of 2nd period - Snap shot by Clayton Keller.
18:36 of 2nd period - Stopped by Dan Vladar without a rebound.
18:37 of 2nd period - Anze Kopitar wins face-off versus Sebastian Aho in Nordiques zone.
19:02 of 2nd period - Sebastian Aho is hit by Kevin Hayes and loses puck.
19:19 of 2nd period - Backhand shot by Sebastian Aho.
19:19 of 2nd period - Stopped by James Reimer with a rebound.
19:21 of 2nd period - Slapshot by Philippe Myers.
19:21 of 2nd period - Stopped by James Reimer with a rebound.
19:23 of 2nd period - Wrist shot by Sebastian Aho.
19:23 of 2nd period - Stopped by James Reimer with a rebound.
19:29 of 2nd period - Snap shot by Alexander Wennberg.
19:29 of 2nd period - Shot Hit the Post.
19:31 of 2nd period - Wrist shot by Sebastian Aho.
19:31 of 2nd period - Shot Misses the Net.
19:33 of 2nd period - Snap shot by Sebastian Aho.
19:33 of 2nd period - Stopped by James Reimer without a rebound.
19:34 of 2nd period - Anze Kopitar wins face-off versus Kirby Dach in Sabres zone.
Goals for this period are 2 for Sabres vs 1 for Nordiques.
Shots for this period are 9 for Sabres vs 19 for Nordiques.

3rd period


0:01 of 3rd period - Anze Kopitar wins face-off versus Brandon Dubinsky in neutral zone.
0:08 of 3rd period - Slapshot by Rickard Rakell.
0:08 of 3rd period - Stopped by Dan Vladar with a rebound.
0:10 of 3rd period - Snap shot by Andre Burakovsky.
0:10 of 3rd period - Shot Blocked by Brent Seabrook.
0:33 of 3rd period - Snap shot by Tyler Ennis.
0:33 of 3rd period - Stopped by Dan Vladar with a rebound.
0:35 of 3rd period - Slapshot by Ryan Murray.
0:35 of 3rd period - Stopped by Dan Vladar with a rebound.
0:49 of 3rd period - Kailer Yamamoto is hit by Brandon Dubinsky and loses puck.
2:12 of 3rd period - Snap shot by Nicklas Backstrom.
2:12 of 3rd period - Shot Misses the Net.
2:22 of 3rd period - Cole Schneider is hit by Kailer Yamamoto and loses puck.
2:54 of 3rd period - Off-side.
2:55 of 3rd period - Sebastian Aho wins face-off versus Anze Kopitar in neutral zone.
3:20 of 3rd period - Cole Schneider is hit by Rasmus Dahlin and loses puck.
3:27 of 3rd period - Slapshot by Clayton Keller.
3:27 of 3rd period - Stopped by Dan Vladar with a rebound.
3:29 of 3rd period - Wrist shot by Kailer Yamamoto.
3:29 of 3rd period - Stopped by Dan Vladar without a rebound.
3:30 of 3rd period - Anze Kopitar wins face-off versus Brandon Dubinsky in Nordiques zone.
4:30 of 3rd period - Snap shot by Joonas Donskoi.
4:30 of 3rd period - Stopped by Dan Vladar without a rebound.
4:31 of 3rd period - Sebastian Aho wins face-off versus Anze Kopitar in Nordiques zone.
4:31 of 3rd period - Sebastian Aho is hit by Rasmus Dahlin.
4:41 of 3rd period - Slapshot by Andre Burakovsky.
4:41 of 3rd period - Shot Blocked by Justin Holl.
5:08 of 3rd period - Brandon Dubinsky is hit by Kailer Yamamoto and loses puck.
5:29 of 3rd period - Wrist shot by Joel Farabee.
5:29 of 3rd period - Stopped by James Reimer without a rebound.
5:30 of 3rd period - Mathieu Perreault wins face-off versus Anze Kopitar in Sabres zone.
5:55 of 3rd period - Kirby Dach is hit by Ivan Provorov and loses puck.
6:14 of 3rd period - Brent Seabrook is hit by Tyler Ennis and loses puck.
6:49 of 3rd period - Wrist shot by Joel L'Esperance.
6:49 of 3rd period - Shot Misses the Net.
6:59 of 3rd period - Rasmus Dahlin is hit by Cole Schneider and loses puck.
7:06 of 3rd period - Andre Burakovsky is hit by David Backes and loses puck.
7:19 of 3rd period - Marco Scandella is hit by Justin Holl and loses puck.
7:39 of 3rd period - Philippe Myers is hit by Tyler Ennis and loses puck.
8:02 of 3rd period - Joel L'Esperance is hit by Zach Hyman and loses puck.
9:20 of 3rd period - Wrist shot by Alexander Wennberg.
9:20 of 3rd period - Stopped by James Reimer with a rebound.
10:07 of 3rd period - Wrist shot by Brandon Dubinsky.
10:07 of 3rd period - Shot Misses the Net.
10:09 of 3rd period - Slapshot by Ryan Lindgren.
10:09 of 3rd period - Stopped by James Reimer without a rebound.
10:10 of 3rd period - Joel L'Esperance wins face-off versus Ryan Carpenter in Sabres zone.
10:11 of 3rd period - Snap shot by Joel Farabee.
10:11 of 3rd period - Stopped by James Reimer without a rebound.
10:12 of 3rd period - Ryan Carpenter wins face-off versus Hudson Fasching in Sabres zone.
10:23 of 3rd period - Snap shot by Joel L'Esperance.
10:23 of 3rd period - Stopped by James Reimer with a rebound.
10:25 of 3rd period - Slapshot by Brent Seabrook.
10:25 of 3rd period - Stopped by James Reimer without a rebound.
10:26 of 3rd period - Anze Kopitar wins face-off versus Sebastian Aho in Sabres zone.
11:54 of 3rd period - Wrist shot by Anze Kopitar.
11:54 of 3rd period - Deflect By Andre Burakovsky.
11:54 of 3rd period - Stopped by Dan Vladar without a rebound.
11:55 of 3rd period - Anze Kopitar wins face-off versus Mathieu Perreault in Nordiques zone.
12:41 of 3rd period - Slapshot by Rasmus Dahlin.
12:41 of 3rd period - Deflect By Ryan Lindgren.
12:41 of 3rd period - Stopped by Dan Vladar without a rebound.
12:42 of 3rd period - Kevin Hayes wins face-off versus Kirby Dach in Nordiques zone.
12:45 of 3rd period - Wrist shot by Kevin Hayes.
12:45 of 3rd period - Stopped by Dan Vladar with a rebound.
12:47 of 3rd period - Wrist shot by Zach Hyman.
12:47 of 3rd period - Deflect By Kevin Hayes.
12:47 of 3rd period - Stopped by Dan Vladar without a rebound.
12:48 of 3rd period - Brandon Dubinsky wins face-off versus Anze Kopitar in Nordiques zone.
12:48 of 3rd period - Brandon Dubinsky is hit by Andre Burakovsky.
13:22 of 3rd period - Slapshot by Alexander Wennberg.
13:22 of 3rd period - Stopped by James Reimer without a rebound.
13:23 of 3rd period - Nicklas Backstrom wins face-off versus Mathieu Perreault in Sabres zone.
13:50 of 3rd period - Mathieu Perreault is hit by Ryan Carpenter and loses puck.
14:23 of 3rd period - Snap shot by Alexander Wennberg.
14:23 of 3rd period - Deflect By Sebastian Aho.
14:23 of 3rd period - Shot Blocked by Marco Scandella.
14:23 of 3rd period - Puck is out of play.
14:24 of 3rd period - Joel L'Esperance wins face-off versus Kevin Hayes in Sabres zone.
14:31 of 3rd period - Wrist shot by Joel Farabee.
14:31 of 3rd period - Shot Blocked by Zach Hyman.
14:33 of 3rd period - Snap shot by Hudson Fasching.
14:33 of 3rd period - Shot Misses the Net.
14:56 of 3rd period - Slapshot by Joel Farabee.
14:56 of 3rd period - Stopped by James Reimer with a rebound.
14:58 of 3rd period - Wrist shot by Shayne Gostisbehere.
14:58 of 3rd period - Shot Blocked by Filip Hronek.
15:00 of 3rd period - Snap shot by Hudson Fasching.
15:00 of 3rd period - Goal by Hudson Fasching - Sabres : 2 - Nordiques : 3.
15:01 of 3rd period - David Backes wins face-off versus Ryan Carpenter in neutral zone.
15:04 of 3rd period - Snap shot by Travis Sanheim.
15:04 of 3rd period - Stopped by James Reimer without a rebound.
15:05 of 3rd period - Ryan Carpenter wins face-off versus Mathieu Perreault in Sabres zone.
16:38 of 3rd period - Joonas Donskoi is hit by Mathieu Perreault and loses puck.
17:23 of 3rd period - Wrist shot by Rickard Rakell.
17:23 of 3rd period - Stopped by Dan Vladar without a rebound.
17:24 of 3rd period - Brandon Dubinsky wins face-off versus Anze Kopitar in Nordiques zone.
17:26 of 3rd period - Icing by Kirby Dach.
17:27 of 3rd period - Brandon Dubinsky wins face-off versus Ryan Carpenter in Nordiques zone.
17:32 of 3rd period - Slapshot by Shayne Gostisbehere.
17:32 of 3rd period - Shot Blocked by Madison Bowey.
17:34 of 3rd period - Snap shot by Justin Holl.
17:34 of 3rd period - Shot Blocked by Marco Scandella.
17:40 of 3rd period - Wrist shot by Justin Abdelkader.
17:40 of 3rd period - Shot Misses the Net.
17:42 of 3rd period - Snap shot by Brandon Dubinsky.
17:42 of 3rd period - Shot Misses the Net.
17:44 of 3rd period - Slapshot by Shayne Gostisbehere.
17:44 of 3rd period - Shot Blocked by Marco Scandella.
17:52 of 3rd period - Snap shot by Kirby Dach.
17:52 of 3rd period - Deflect By Justin Abdelkader.
17:52 of 3rd period - Shot Misses the Net.
17:52 of 3rd period - Puck is out of play.
17:53 of 3rd period - Zach Hyman wins face-off versus Joel L'Esperance in Sabres zone.
17:53 of 3rd period - Zach Hyman is hit by Joel Farabee.
17:56 of 3rd period - Minor Penalty to Kevin Hayes for Tripping.
17:57 of 3rd period - Sebastian Aho wins face-off versus Ryan Carpenter in Sabres zone.
18:01 of 3rd period - Snap shot by Alexander Wennberg.
18:01 of 3rd period - Shot Misses the Net.
18:03 of 3rd period - Snap shot by Alexander Wennberg.
18:03 of 3rd period - Shot Blocked by Ryan Murray.
18:05 of 3rd period - Slapshot by Sebastian Aho.
18:05 of 3rd period - Deflect By Tyler Johnson.
18:05 of 3rd period - Stopped by James Reimer without a rebound.
18:06 of 3rd period - Sebastian Aho wins face-off versus Ryan Carpenter in Sabres zone.
18:53 of 3rd period - Wrist shot by Sebastian Aho.
18:53 of 3rd period - Shot Misses the Net.
18:55 of 3rd period - Snap shot by Sebastian Aho.
18:55 of 3rd period - Shot Blocked by Ryan Carpenter.
18:57 of 3rd period - Slapshot by Shayne Gostisbehere.
18:57 of 3rd period - Shot Blocked by Ivan Provorov.
18:59 of 3rd period - Snap shot by Sebastian Aho.
18:59 of 3rd period - Stopped by James Reimer with a rebound.
19:01 of 3rd period - Snap shot by Alexander Wennberg.
19:01 of 3rd period - Shot Blocked by Ivan Provorov.
19:25 of 3rd period - Wrist shot by Shayne Gostisbehere.
19:25 of 3rd period - Deflect By Sebastian Aho.
19:25 of 3rd period - Stopped by James Reimer with a rebound.
19:27 of 3rd period - Snap shot by Alexander Wennberg.
19:27 of 3rd period - Deflect By Anze Kopitar.
19:27 of 3rd period - Shot Misses the Net.
19:27 of 3rd period - Puck is out of play.
19:28 of 3rd period - Phil Housley call a timeout for Sabres.
19:28 of 3rd period - Brandon Dubinsky wins face-off versus Ryan Carpenter in Sabres zone.
19:56 of 3rd period - Penalty to Kevin Hayes is over, Kevin Hayes is back on ice.
Goals for this period are 0 for Sabres vs 1 for Nordiques.
Shots for this period are 11 for Sabres vs 13 for Nordiques.